AoeStats
← richardchen1896

Oasis

509129971Analyzed
4v4 RM · 6d ago on Sep 25, 2026· 40m 35s· 8 players
Game mode
Random Map
Map size
Large (8 player)
Population
200
Speed
Normal
Resources
Standard
Victory
Conquest
Starting age
Dark Age
Ending age
Imperial Age
RankedLock teamsTeams togetherTeam positionsShared explorationLock speedFull tech treeHidden civsTurbo modeCheats
Victory
Defeat
🇨🇳 Slavs · China
892
+17
🇦🇷 Cumans · Argentina
882
+17
🇨🇳 Persians · China
851
+19
826
+20
🇺🇸 Dravidians · United States
926
-19
🇨🇳 Khmer · China
916
-18
🇪🇸 Italians · Spain
909
-18
🇹🇼 Ethiopians · Taiwan
895
-18
利捷巴罗
2:07 Loom
11:26 Feudal Age
12:24 Horse Collar
13:22 Double-Bit Axe
17:47 Wheelbarrow
16:58 Town Watch
24:31 Castle Age
22:30 Fletching
22:51 Forging
22:47 Scale Barding Armor
22:39 Gold Mining
22:39 Stone Mining
23:26 Bloodlines
25:39 Chain Barding Armor
25:56 Iron Casting
25:33 Bow Saw
25:28 Heavy Plow
26:20 Gold Shaft Mining
28:28 Scale Mail Armor
28:29 Padded Archer Armor
28:25 Bodkin Arrow
33:28 Imperial Age
31:18 Hand Cart
31:04 Town Patrol
32:37 Squires
32:22 Arson
32:54 Chain Mail Armor
32:55 Leather Archer Armor
35:11 Plate Barding Armor
35:37 Blast Furnace
34:39 Elite Steppe Lancer
34:40 Light Cavalry
37:13 Caravan
40:21 Plate Mail Armor
40:21 Ring Archer Armor
吸любящий怔отец熏
12:11 Feudal Age
16:05 Castle Age
14:43 Double-Bit Axe
17:22 Bow Saw
25:40 Crossbowman
26:49 Kamandaran
39:33 Husbandry
39:44 Bloodlines
長崎 そよ
3:25 Loom
18:00 Feudal Age
19:12 Fletching
27:55 Wheelbarrow
29:34 Castle Age
33:19 Wheelbarrow
36:18 Double-Bit Axe
Death_noob5
11:17 Feudal Age
12:40 Double-Bit Axe
16:13 Castle Age
15:38 Horse Collar
17:42 Bow Saw
21:26 Loom
22:29 Heavy Plow
25:08 Wheelbarrow
25:07 Stone Mining
25:18 Town Watch
26:38 Fortified Wall
27:39 Gold Mining
29:07 Ballistics
29:13 Masonry
29:49 Gold Shaft Mining
32:38 Hand Cart
33:25 Fletching
33:47 Padded Archer Armor
34:30 Bodkin Arrow
37:19 Imperial Age
35:09 Leather Archer Armor
35:57 Murder Holes
37:28 Scale Barding Armor
37:34 Forging
36:58 Elite Skirmisher
39:22 Chemistry
39:18 Ring Archer Armor
40:28 Siege Engineers
40:30 Detinets
richardchen1896
11:10 Feudal Age
10:48 Loom
19:54 Double-Bit Axe
31:24 Horse Collar
37:26 Castle Age
36:55 Scale Mail Armor
37:05 Forging
36:48 Fletching
37:04 Padded Archer Armor
37:28 Stone Mining
37:28 Gold Mining
38:40 Bow Saw
38:40 Crossbowman
40:16 Bodkin Arrow
hank
7:47 Loom
13:07 Feudal Age
14:45 Wheelbarrow
17:52 Castle Age
19:29 Double-Bit Axe
19:27 Horse Collar
25:57 Fletching
28:11 Thumb Ring
33:22 Hand Cart
40:08 Imperial Age
President of USA
2:24 Loom
13:25 Feudal Age
16:22 Castle Age
14:22 Horse Collar
14:59 Double-Bit Axe
17:40 Bow Saw
17:55 Heavy Plow
19:08 Wheelbarrow
29:03 Imperial Age
27:44 Gold Mining
28:04 Scale Barding Armor
29:10 Gold Shaft Mining
28:26 Stone Mining
29:31 Chain Barding Armor
29:57 Hand Cart
29:31 Town Watch
30:31 Conscription
30:15 Double Crossbow
30:54 Plate Barding Armor
31:17 Stone Shaft Mining
31:16 Crop Rotation
Subbotai00
2:09 Loom
12:30 Feudal Age
17:41 Double-Bit Axe
21:07 Double-Bit Axe
25:35 Castle Age
26:22 Bloodlines
27:25 Husbandry
33:35 Padded Archer Armor
Connection lost

Rejoining the realm…

Still unreachable

The connection could not be restored.

Session expired

The server has moved on; the page needs a fresh start.